 Dungeon Crawl Stone Soup version 0.29-a0-8-g0446c0dae4 (webtiles) character file.

Game seed: 6169725123652156646

141 issech the Cudgeller (level 5, -4/53 HPs)
             Began as a Troll Monk on Jan 27, 2022.
             Killed by divine providence
             ... invoked by an orc priest
              (10 damage)
             ... on level 3 of the Dungeon.
             The game lasted 00:09:46 (1759 turns).

issech the Cudgeller (Troll Monk)                   Turns: 1759, Time: 00:09:47

Health: -4/53      AC:  4    Str: 19    XL:     5   Next: 3%
Magic:  4/4        EV: 10    Int:  6    God:
Gold:   113        SH:  0    Dex: 14    Spells: 4/4 levels left

rFire   . . .      SeeInvis .   a - +0 mace
rCold   . . .      Faith    .   (no shield)
rNeg    . . .      Spirit   .   b - +0 robe
rPois   .          Reflect  .   (helmet restricted)
rElec   .          Harm     .   (no cloak)
rCorr   .          Rampage  .   (gloves unavailable)
Will    .....                   (boots unavailable)
Stlth   ++........              (no amulet)
HPRegen 0.97/turn               (no ring)
MPRegen 0.09/turn               (no ring)

@: no status effects
A: large, unfitting armour, claws 3, regeneration 1, shaggy fur 1, tough skin 1
a: no special abilities


You were on level 3 of the Dungeon.
You visited 1 branch of the dungeon, and saw 3 of its levels.

You collected 113 gold pieces.

Inventory:

Hand Weapons
 a - a +0 mace (weapon)
 i - a +0 hunting sling
 k - a -1 dagger
 n - a +2 vorpal hand axe
Missiles
 f - 6 silver boomerangs (quivered)
 g - 5 boomerangs
 h - 51 stones
Armour
 b - a +0 robe (worn)
Magical Staves
 d - a staff of poison
Jewellery
 r - a ring of positive energy
Scrolls
 c - 2 scrolls of identify {unknown}
 e - a scroll of teleportation {unknown}
 l - 3 scrolls of noise {unknown}
 m - a scroll of blinking {unknown}
 p - a scroll of fear {unknown}
 q - a scroll of summoning {unknown}
Potions
 j - a potion of flight {unknown}
 o - a potion of might {unknown}


   Skills:
 + Level 3.3 Fighting
 + Level 4.1 Maces & Flails
 + Level 2.9 Dodging
 + Level 1.2 Stealth


You had 4 spell levels left.
You didn't know any spells.
Your spell library contained the following spells:

 Spells                   Type           Power      Damage    Failure   Level
 Animate Skeleton         Necr           0%         N/A       45%         1
 Apportation              Tloc           0%         N/A       45%         1
 Summon Small Mammal      Summ           0%         N/A       45%         1
 Borgnjor's Revivificati  Necr           0%         N/A       100%        8
 Necromutation            Tmut/Necr      0%         N/A       100%        8
 Death's Door             Necr           0%         N/A       100%        9


Dungeon Overview and Level Annotations

Branches:
Dungeon (3/15)

Altars:
Trog

Shops:
D:2 **(

Annotations:
D:3 3 runed translucent doors, dracfodder's ghost, amateur GrBe


Innate Abilities, Weirdness & Mutations

You are too large for most types of armour.
You have claws for hands.
Your natural rate of healing is unusually fast.
You are covered in fur. (AC +1)
You have tough skin. (AC +1)


Message History

The orc priest is moderately wounded.
The orc priest hits you with a +0 trident.
* * * LOW HITPOINT WARNING * * *
The orc priest hits you with a +0 trident.
* * * LOW HITPOINT WARNING * * *
The orc priest hits you but does no damage.
The orc priest barely misses you.
The orc priest mumbles some strange prayers to Beogh against you.
Beogh smites you!
* * * LOW HITPOINT WARNING * * *
The orc priest mumbles some strange prayers to Beogh against you.
You barely resist.
The orc priest begins to cast a cantrip, but forgets the words!
Things that are here:
a +0 club; a kobold corpse The orc priest miscasts a cantrip.
The orc priest hits you with a +0 trident.
You closely miss the orc priest.
The orc priest is moderately wounded.
The orc priest hits you with a +0 trident.
You closely miss the orc priest.
The orc priest is moderately wounded.
The orc priest closely misses you.
You hit the orc priest but do no damage.
The orc priest is moderately wounded.
The orc priest invokes the aid of Beogh against you.
Pain shoots through your body!
The orc priest hits you with a +0 trident.
You hit the orc priest.
The orc priest is moderately wounded.
You hear the brisk rusting of a very distant drain.
The orc priest hits you with a +0 trident!
* * * LOW HITPOINT WARNING * * *
The orc priest barely misses you.
The orc priest mumbles some strange prayers to Beogh against you.
Beogh smites you!
* * * LOW HITPOINT WARNING * * *
The orc priest invokes the aid of Beogh against you.
Beogh smites you!
You die...

##.# #..###..#.......#..... #
#.......#..###..#..### #
....####..+..###$.#..# # #
######..+.......#o.# #
........+..###..#..# ####
######..#..###g.#..# ...#
#...#gW.Wg..#..# ##†##########
##...#########..# #..........#
#.@.............#
##########.###.#.............#
#...##.##†..####..####
#......###.o......# #...####
########## #####


You could see an orc priest, dracfodder's ghost and a hobgoblin.

Vanquished Creatures
  Natasha (D:1)
  4 adders
  2 worms
  A dart slug (D:2)
  7 orcs (D:3)
  7 ball pythons
  4 endoplasms
  9 giant cockroaches (D:2)
  3 goblins
  6 hobgoblins
  2 jackals (D:1)
  2 quokkas
  5 bats
  2 frilled lizards
  4 kobolds
  5 rats
64 creatures vanquished.

Vanquished Creatures (others)
  An endoplasm (D:2)
  4 plants (D:2)
5 creatures vanquished.

Grand Total: 69 creatures vanquished

Notes
Turn   | Place    | Note
-------+----------+-------------------------------------------
     0 | D:1      | issech the Troll Monk began the quest for the Orb.
     0 | D:1      | Reached XP level 1. HP: 22/22 MP: 0/0
   216 | D:1      | Reached XP level 2. HP: 29/29 MP: 1/1
   700 | D:2      | Found Ynut's General Store.
   702 | D:2      | Reached skill level 3 in Maces & Flails
   704 | D:2      | Found a bloodstained altar of Trog.
   704 | D:2      | Noticed Natasha
   720 | D:1      | Killed Natasha
   721 | D:1      | Reached XP level 3. HP: 16/37 MP: 2/2
   863 | D:2      | Found a faded altar of an unknown god.
   900 | D:2      | Reached XP level 4. HP: 38/45 MP: 3/3
   918 | D:2      | Found Ypuaxir's General Store.
   978 | D:2      | Found Onnoizxu's Antique Weapon Emporium.
  1590 | D:3      | Found a runed translucent gate.
  1592 | D:3      | Found a runed translucent gate.
  1593 | D:3      | Found a runed translucent gate.
  1595 | D:3      | Noticed dracfodder's ghost (amateur GrBe)
  1598 | D:3      | Reached skill level 4 in Maces & Flails
  1698 | D:3      | Reached XP level 5. HP: 53/53 MP: 4/4
  1759 | D:3      | Killed from afar by an orc priest

Illustrated notes

Levels and vault maps discovered:
D:1:      psy_arrival_conway, layout_basic, minmay_tromino_v2
D:2:      minmay_roachtagon, layout_rooms, serial_bayou, serial_bayou_pond_d,
          serial_bayou_shore_a, serial_bayou_pond_d, serial_bayou_pond_d,
          basic_altar, serial_shops, shop, nicolae_shop_trees, shop,
          ebering_ecumenical_altar_rust, uniq_natasha
D:3:      layout_loops_ring, cheibrodos_sewer_entry_bend, gammafunk_ghost_split

Skill      XL: |  1  2  3  4 |
---------------+-------------+-----
Maces & Flails | 3 4 |  4.1
Fighting       | 3 |  3.3
Dodging        | |  2.9
Stealth        | |  1.2

Action                   |  1- 3 |  4- 6 || total
-------------------------+-------+-------++-------
Melee: Mace              |    96 |   102 ||   198
 Stab: Sleeping          |     1 |     2 ||     3
Armor: Robe              |    67 |    31 ||    98
Dodge: Dodged            |    82 |    50 ||   132

Table legend: (Time is in decaauts)
 A = Elapsed time spent in this place.
 B = Non-inter-level travel time spent in this place.
 C = Inter-level travel time spent in this place.
 D = Time resting spent in this place.
 E = Time spent auto-exploring this place.
 F = Levels seen in this place.
 G = Mean time per level.
                   A        B        C        D        E       F      G
               +--------+--------+--------+--------+--------+-----+--------+
         Total |   1836 |   1836 |      0 |     21 |    535 |   3 |  612.0 |
       Dungeon |   1836 |   1836 |      0 |     21 |    535 |   3 |  612.0 |
               +--------+--------+--------+--------+--------+-----+--------+

Top non-repeatable levels by time:
     D:1: 750 daAuts
     D:2: 724 daAuts
     D:3: 361 daAuts
